 Dungeon Crawl Stone Soup version 0.31-a0-819-gf6de2f5ab6 (webtiles) character file.

Game seed: 3953332295872036749

3796 qw the Skirmisher (level 10, -11/65 HPs)
             Began as a Gargoyle Hunter on Sept 23, 2023.
             Was an Initiate of Okawaru.
             Mangled by a komodo dragon (13 damage)
             ... on level 1 of the Lair of Beasts.
             The game lasted 00:02:32 (7864 turns).

qw the Skirmisher (Gargoyle Hunter)                 Turns: 7864, Time: 00:02:33

Health: -11/65     AC: 11    Str: 18    XL:     10   Next: 16%
Magic:  9/9        EV: 13    Int: 10    God:    Okawaru [......]
Gold:   246        SH:  0    Dex: 16    Spells: 9/9 levels left

rFire   . . .        n - +0 triple crossbow (heavy)
rCold   + . .        (shield currently unavailable)
rNeg    + . .        c - +0 robe {rC+}
rPois   inf          l - +0 helmet
rElec   +            k - +0 cloak
rCorr   .            (no gloves)
SInv    +            (no boots)
Will    .....        (no amulet)
Stlth   ++           (no ring)
HPRegen 0.30/turn    (no ring)
MPRegen 0.11/turn

%: no passive effects
@: no status effects
A: sickness immunity, AC +7, negative energy resistance 1, electricity
resistance, torment resistance 1, petrification resistance, see invisible, low
MP 1, strong 1, wild magic 1
a: Renounce Religion


You were on level 1 of the Lair of Beasts.
You worshipped Okawaru.
Okawaru was noncommittal.
You visited 3 branches of the dungeon, and saw 10 of its levels.
You also visited: Sewer.

You collected 246 gold pieces.


Innate Abilities, Weirdness & Mutations

You are immune to sickness and miasma.
Your stone body is resilient. (AC +7)
You are immune to poison.
You resist negative energy. (rN+)
You are resistant to electric shocks. (rElec)
You are resistant to unholy torment.
You are immune to petrification.
You have supernaturally acute eyesight. (SInv)
Your magical capacity is low. (-10% MP)
Your muscles are strong. (Str +4, Int/Dex -1)
Your spells are a little harder to cast, but a little more powerful.


   Skills:
 - Level 8.6 Fighting
 - Level 12.0 Ranged Weapons
 - Level 3.2 Armour
 + Level 3.0 Dodging
 - Level 1.1 Stealth


You had 9 spell levels left.
You didn't know any spells.
Your spell library was empty.

Inventory:

Hand Weapons
 n - a +0 heavy triple crossbow (weapon)
Armour
 a - a +0 ring mail
 c - a +0 robe of cold resistance (worn)
 k - a +0 cloak (worn)
 l - a +0 helmet (worn)
Scrolls
 h - 2 scrolls of identify
 m - a scroll of brand weapon
Potions
 b - a potion of resistance
 d - 2 potions of haste
 e - 2 potions of enlightenment
 f - 2 potions of mutation
 i - a potion of curing
 j - 8 potions of might

Dungeon Overview and Level Annotations

Branches:
Dungeon (8/15)             Temple (1/1) D:7            Lair (1/5) D:8
  Sewer (visited)

Altars:
Ashenzari
Dithmenos
Elyvilon
Fedhas
Gozag
Hepliaklqana
Kikubaaqudgha
Nemelex Xobeh
Okawaru
Qazlal
Ru
Sif Muna
Trog
Vehumet
Wu Jian
Xom
Zin
The Shining One

Shops:
D:3 :   D:7 :   D:8 (


Message History

Things that are here:
a +0 hand axe; a +0 leather armour
Things that are here:
a +0 dagger; a +0 robe
There is a staircase to the Lair here.
You climb downwards.
Welcome to the Lair of Beasts!
There is a staircase back to the Dungeon here.
A komodo dragon is nearby!
Waypoint 10 assigned to Lair:1.
7841 ||| INVOKING Heroism.
You gain the combat prowess of a mighty hero.
You can no longer gain great but temporary skills.
The komodo dragon hisses angrily.
7842 ||| STAIRDANCE You climb upwards.
Welcome back to the Dungeon!
There is a staircase to the Lair here.
You start resting.
You feel like a meek peon again.
Magic restored.
Done exploring.
What level of the Lair of Beasts? (default 1, ? - help)
You climb downwards.
Welcome back to the Lair of Beasts!
The komodo dragon hisses menacingly.
The komodo dragon bites you! The komodo dragon closely misses you.
There is a staircase back to the Dungeon here.
You shoot a bolt. The bolt hits the komodo dragon!
The komodo dragon is moderately wounded.
The komodo dragon bites you!
The komodo dragon bites you but does no damage.
You shoot a bolt.
The bolt hits the komodo dragon but does no damage.
The komodo dragon is moderately wounded.
The komodo dragon barely misses you. The komodo dragon closely misses you.
The komodo dragon bites you!
You shoot a bolt. The bolt hits the komodo dragon!!
The komodo dragon is almost dead.
The komodo dragon closely misses you. The komodo dragon bites you!!
You shoot a bolt.
The bolt barely misses the komodo dragon.
The komodo dragon bites you! x2
You die...

#.............
# ......... ...
#. ............
##. ...........
.... ...P#.....
.....#......#..
#...........
#...@.~~~~..
#.~.l~~~~~..
#.~~~~~~~~~..
#~~~~~~~~~~..
#.~~~~~~~~...
#.~~~~~~~....
...~~~~~...#.
.............


You could see a komodo dragon.

Vanquished Creatures
  Pikel (D:5)
  Jeremiah (D:7)
  Psyche (D:8)
  Prince Ribbit (D:6)
  Eustachio (D:6)
  2 steam dragons
  An orc warrior (D:7)
  2 sky beasts
  2 black bears
  4 ogres
  2 kobold brigands (D:8)
  A bullfrog (D:6)
  A gnoll sergeant (D:8)
  2 scorpions
  5 wights (D:8)
  A howler monkey (D:5)
  2 orc priests
  3 hounds
  3 iguanas (D:5)
  Terence (D:2)
  4 sleepcaps
  4 orc wizards
  3 gnolls (D:8)
  10 adders
  9 river rats (Sewer)
  3 white imps
  An ufetubus (D:4)
  2 dart slugs (D:1)
  20 orcs
  6 ball pythons
  2 bats (D:1)
  3 endoplasms
  6 giant cockroaches
  3 hobgoblins
  3 jackals (D:1)
  31 kobolds
  5 quokkas
  6 frilled lizards
  3 goblins
  27 rats
188 creatures vanquished.

Vanquished Creatures (others)
  A gnoll (D:8)
1 creature vanquished.

Grand Total: 189 creatures vanquished

Notes
Turn   | Place    | Note
-------+----------+-------------------------------------------
     0 | D:1      | qw the Gargoyle Hunter began the quest for the Orb.
     0 | D:1      | Reached XP level 1. HP: 12/12 MP: 1/1
     0 | D:1      | 0 ||| qw: Version: 0.3-a-83-gcd0e7d8
     0 | D:1      | 0 ||| qw: Game counter: 1670
     0 | D:1      | 0 ||| qw: Melee chars always use a shield: true
     0 | D:1      | 0 ||| qw: God list: Okawaru
     0 | D:1      | 0 ||| qw: Allow faded altars: false
     0 | D:1      | 0 ||| qw: Do Orc after clearing Dungeon:15 true
     0 | D:1      | 0 ||| qw: Do second Lair branch before Depths: true
     0 | D:1      | 0 ||| qw: Lair rune preference: random
     0 | D:1      | 0 ||| qw: Goals: Normal
     0 | D:1      | 0 ||| PLANNING D:1-11
    79 | D:1      | Reached XP level 2. HP: 17/17 MP: 2/2
   458 | D:1      | Reached XP level 3. HP: 21/21 MP: 3/3
   539 | D:1      | Reached skill level 5 in Ranged Weapons
   765 | D:1      | 765 ||| READING scroll labelled PACHUM DAILLIMP.
   765 | D:1      | Identified a scroll of acquirement
   765 | D:1      | 765 ||| ACQUIRING +0 triple crossbow of freezing
   765 | D:1      | Acquired a +0 triple crossbow of freezing
   767 | D:1      | 767 ||| SWAPPING to +0 triple crossbow of freezing.
   768 | D:1      | 768 ||| DROPPING +0 shortbow.
   769 | D:1      | 769 ||| READING scroll labelled HUOSEIRR INLIYGU.
   770 | D:1      | 770 ||| READING scroll labelled BINOT YBAFE.
   771 | D:1      | 771 ||| READING scroll labelled JUGREA OFRO.
   776 | D:1      | 776 ||| DRINKING 2 metallic inky potions.
   781 | D:1      | 781 ||| DROPPING scroll of butterflies.
   782 | D:1      | 782 ||| DROPPING potion of ambrosia.
   852 | D:2      | Found a faded altar of an unknown god.
  1048 | D:2      | Noticed Terence
  1050 | D:2      | Killed Terence
  1051 | D:2      | Reached skill level 3 in Fighting
  1051 | D:2      | Reached XP level 4. HP: 28/28 MP: 4/4
  1550 | D:2      | 1550 ||| UPGRADING to +0 ring mail.
  1560 | D:2      | 1560 ||| DROPPING +0 leather armour.
  1561 | D:2      | 1561 ||| UPGRADING to +0 cloak.
  1566 | D:2      | 1566 ||| DROPPING ring of magical power.
  1567 | D:2      | 1567 ||| READING 2 scrolls labelled VUUNOAREUL.
  1568 | D:2      | 1568 ||| READING scroll labelled LUWARR YTTA.
  1569 | D:2      | 1569 ||| DRINKING 2 glowing purple potions.
  1570 | D:2      | 1570 ||| DROPPING scroll of poison.
  1571 | D:2      | 1571 ||| DROPPING potion of magic.
  1628 | D:3      | Found a radiant altar of Vehumet.
  1642 | D:3      | Found Xoor's Book Shoppe.
  1855 | D:3      | Found a sacrificial altar of Ru.
  1895 | D:3      | Found a bloodstained altar of Trog.
  1899 | D:3      | Reached skill level 1 in Armour
  1911 | D:3      | Found a broken altar of Ashenzari.
  2217 | D:3      | Found a stormy altar of Qazlal.
  2444 | D:3      | 2444 ||| READING scroll labelled SIYTIX EZOICK.
  2445 | D:3      | 2445 ||| READING scroll labelled TESHRA KUREGYKK.
  2446 | D:3      | 2446 ||| DRINKING 2 golden potions.
  2447 | D:3      | 2447 ||| DRINKING 3 murky blue potions.
  2496 | D:4      | 2496 ||| RETREEAATING.
  2498 | D:4      | Reached XP level 5. HP: 32/32 MP: 5/5
  2775 | D:4      | Reached skill level 6 in Ranged Weapons
  2990 | D:4      | Reached XP level 6. HP: 38/38 MP: 6/6
  3576 | D:4      | 3576 ||| READING 2 scrolls labelled HOSE LOMIQIU.
  3577 | D:4      | 3577 ||| READING scroll labelled WUUGOMOERR.
  3678 | D:4      | 3678 ||| READING scroll labelled KEOG PUPSOOSCH.
  3679 | D:4      | 3679 ||| DRINKING 3 grey potions.
  3680 | D:4      | 3680 ||| DROPPING 2 potions of attraction.
  3686 | D:5      | Entered Level 5 of the Dungeon
  3686 | D:5      | Found an ornate altar of the Wu Jian Council.
  3729 | D:5      | Reached skill level 7 in Ranged Weapons
  3773 | D:5      | Noticed a black bear
  3777 | D:5      | Killed a black bear
  3778 | D:5      | Reached XP level 7. HP: 34/43 MP: 7/7
  3894 | D:5      | Reached skill level 8 in Ranged Weapons
  3935 | D:5      | Noticed Pikel
  3935 | D:5      | 3935 ||| RETREEAATING.
  3939 | D:5      | Killed Pikel
  3940 | D:5      | Reached XP level 8. HP: 53/53 MP: 8/8
  4101 | D:5      | 4101 ||| READING scroll labelled RISEXINL RETAPN.
  4102 | D:5      | 4102 ||| DRINKING 3 lumpy green potions.
  4103 | D:5      | 4103 ||| DRINKING 2 pink potions.
  4103 | D:5      | Gained mutation: Your magical capacity is low. (-10% MP)
                  | [potion of mutation]
  4103 | D:5      | Gained mutation: Your muscles are strong. (Str +4, Int/Dex
                  | -1) [potion of mutation]
  4103 | D:5      | Gained mutation: You have supernaturally acute eyesight.
                  | (SInv) [potion of mutation]
  4103 | D:5      | Gained mutation: Your spells are a little harder to cast,
                  | but a little more powerful. [potion of mutation]
  4104 | D:5      | 4104 ||| DRINKING 3 dark potions.
  4105 | D:5      | 4105 ||| DRINKING 3 sedimented yellow potions.
  4138 | D:5      | 4138 ||| READING 3 scrolls of identify.
  4138 | D:5      | 4138 ||| IDENTIFYING fuming sapphire potion
  4139 | D:5      | 4139 ||| DROPPING 2 potions of brilliance.
  4140 | D:5      | 4140 ||| DROPPING 2 potions of lignification.
  4150 | D:6      | 4150 ||| PLANNING SEWER
  4177 | D:6      | Found a sand-covered staircase.
  4197 | D:6      | Noticed Eustachio
  4202 | D:6      | Killed Eustachio
  4203 | D:6      | Reached skill level 3 in Armour
  4442 | D:6      | Found a glowing drain.
  4443 | D:6      | 4443 ||| UPGRADING to +0 helmet.
  4448 | D:6      | 4448 ||| DROPPING +6 ring of intelligence.
  4450 | D:6      | 4450 ||| READING 3 scrolls of identify.
  4450 | D:6      | 4450 ||| IDENTIFYING fizzy brown potion
  4451 | D:6      | 4451 ||| DROPPING potion of degeneration.
  4456 | D:6      | Noticed Prince Ribbit
  4459 | D:6      | HP: 12/53 [Prince Ribbit (9)]
  4460 | D:6      | 4460 ||| READING 2 scrolls of teleportation.
  4461 | D:6      | 4461 ||| DRINKING 2 potions of heal wounds.
  4638 | Sewer    | Entered a sewer
  4660 | Sewer    | Reached skill level 9 in Ranged Weapons
  4774 | Sewer    | 4774 ||| Stepping ~*~*~tactically~*~*~ (water).
  4792 | Sewer    | 4792 ||| Stepping ~*~*~tactically~*~*~ (water).
  4840 | Sewer    | 4840 ||| Stepping ~*~*~tactically~*~*~ (water).
  5186 | Sewer    | 5186 ||| Stepping ~*~*~tactically~*~*~ (water).
  5223 | Sewer    | 5223 ||| RIP OSSUARY
  5223 | Sewer    | 5223 ||| READING 2 scrolls of identify.
  5223 | Sewer    | 5223 ||| IDENTIFYING ruby potion
  5249 | D:6      | 5249 ||| PLANNING OSSUARY
  5321 | D:6      | Killed Prince Ribbit
  5322 | D:6      | Reached XP level 9. HP: 34/57 MP: 8/8
  5428 | D:6      | 5428 ||| RIP OSSUARY
  5428 | D:6      | 5428 ||| PLANNING D:1-11
  5481 | D:6      | Found a white marble altar of Elyvilon.
  5481 | D:6      | Found a glowing golden altar of the Shining One.
  5483 | D:6      | Found a glowing silver altar of Zin.
  5514 | D:6      | Reached skill level 10 in Ranged Weapons
  5973 | D:6      | 5973 ||| READING scroll labelled WATAZU IGHE.
  5974 | D:6      | 5974 ||| READING 2 scrolls of identify.
  5974 | D:6      | 5974 ||| IDENTIFYING clear potion
  6086 | D:7      | Found a shimmering blue altar of Sif Muna.
  6120 | D:7      | Noticed Jeremiah
  6122 | D:7      | 6122 ||| FLEEEEING.
  6123 | D:7      | 6123 ||| FLEEEEING.
  6129 | D:7      | 6129 ||| FLEEEEING.
  6141 | D:7      | 6141 ||| FLEEEEING.
  6142 | D:7      | 6142 ||| FLEEEEING.
  6148 | D:7      | Killed Jeremiah
  6149 | D:7      | Reached skill level 11 in Ranged Weapons
  6182 | D:7      | Identified the +1 kite shield of Summer {Dex+4}
  6184 | D:7      | HP: 12/57 [orc warrior/+0 battleaxe (3)]
  6185 | D:7      | 6185 ||| READING scroll of teleportation.
  6186 | D:7      | 6186 ||| DRINKING potion of heal wounds.
  6186 | D:7      | HP: 4/57 [orc/+0 dagger (3)]
  6253 | D:7      | 6253 ||| FLEEEEING.
  6254 | D:7      | 6254 ||| FLEEEEING.
  6267 | D:7      | 6267 ||| FLEEEEING.
  6324 | D:7      | 6324 ||| FLEEEEING.
  6325 | D:7      | 6325 ||| FLEEEEING.
  6326 | D:7      | 6326 ||| FLEEEEING.
  6404 | D:7      | Found Cioqazej's Tremendous Tomes.
  6445 | D:7      | HP: 11/57 [orc priest/divine providence (9)]
  6450 | D:7      | HP: 6/57 [orc priest/+0 trident (1)]
  6513 | D:7      | Reached skill level 3 in Dodging
  6776 | D:7      | Found a staircase to the Ecumenical Temple.
  6777 | D:7      | 6777 ||| PLANNING TEMPLE
  6777 | D:7      | 6777 ||| UPGRADING to +0 robe of cold resistance.
  6795 | Temple   | Entered the Ecumenical Temple
  6796 | Temple   | 6796 ||| PLANNING OKAWARU WORSHIP
  6804 | Temple   | Became a worshipper of Warmaster Okawaru
  6805 | Temple   | 6805 ||| PLANNING D:1-11
  6817 | D:7      | Identified the +11 shortbow of Beologg {elec, rN+}
  6877 | D:7      | 6877 ||| READING scroll labelled WIELLI DIAL.
  6945 | D:8      | Noticed Psyche
  6946 | D:8      | 6946 ||| Stepping ~*~*~tactically~*~*~ (retreating).
  6951 | D:8      | 6951 ||| Stepping ~*~*~tactically~*~*~ (retreating).
  6953 | D:8      | HP: 6/59 [disintegration (10)]
  6954 | D:8      | Killed Psyche
  7186 | D:8      | Reached XP level 10. HP: 61/65 MP: 9/9
  7209 | D:8      | 7209 ||| RETREEAATING.
  7210 | D:8      | 7210 ||| STILL RETREEAATING.
  7212 | D:8      | 7212 ||| STILL RETREEAATING.
  7213 | D:8      | 7213 ||| STILL RETREEAATING.
  7214 | D:8      | 7214 ||| STILL RETREEAATING.
  7496 | D:8      | Found Rooca's Antique Weapon Boutique.
  7587 | D:8      | Found a staircase to the Lair.
  7673 | D:8      | Reached * piety under Okawaru
  7674 | D:8      | Reached skill level 12 in Ranged Weapons
  7795 | D:8      | 7795 ||| PLANNING LAIR
  7840 | Lair:1   | Entered Level 1 of the Lair of Beasts
  7841 | Lair:1   | 7841 ||| INVOKING Heroism.
  7842 | Lair:1   | 7842 ||| STAIRDANCE
  7863 | Lair:1   | HP: 9/65 [komodo dragon (22)]
  7864 | Lair:1   | HP: 2/65 [komodo dragon (8)]
  7864 | Lair:1   | Mangled by a komodo dragon

Levels and vault maps discovered:
D:1:      kennysheep_arrival_forest, layout_basic, minmay_heptomino_h4
D:2:      layout_basic, basic_ecumenical_altar, uniq_terence
D:3:      layout_loops_corners, mainiacjoe_overflow_cross_hatched,
          mainiacjoe_overflow_alcove_2, nicolae_ru_path_of_blood,
          mainiacjoe_overflow_large_starburst, serial_shops,
          nicolae_shop_crystal, palyth_stone_intersect, grunt_decor_resistance
D:4:      layout_basic, kennysheep_pointless_box
D:5:      layout_basic, mainiacjoe_overflow_alcove_1, uniq_pikel
D:6:      layout_basic, dreamdust_divine_triumvirate,
          nicolae_ossuary_entry_ruins, gup_sewer_entry_glass,
          uniq_prince_ribbit1, uniq_eustachio
D:7:      layout_rooms, old_standard_altar, temple_hall,
          nicolae_shop_i_like_big_books, hellmonk_no_cap, uniq_jeremiah
D:8:      layout_basic, lair_entry_dummy, serial_shops,
          nicolae_shop_back_alley_shop, uniq_psyche
Temple:   nicolae_temple_ecumenical_triangle
Lair:1:   layout_hall_layers, infiniplex_staircase_pool, serial_bayou_shore_a,
          grunt_megastairs_4, serial_bayou_shore_b

Skill      XL: |  1  2  3  4  5  6  7  8  9 10 |
---------------+-------------------------------+-----
Ranged Weapons | 5 6 7 8 9 11 12 | 12.0
Fighting       | 3 4 7 8 |  8.6
Armour         | 1 3 |  3.2
Dodging        | 2 3 |  3.0
Stealth        | |  1.1

Action                     |  1- 3 |  4- 6 |  7- 9 | 10-12 || total
---------------------------+-------+-------+-------+-------++-------
   Fire: Shortbow          |    86 |       |       |       ||    86
         Triple crossbow   |    11 |    81 |   230 |    34 ||   356
 Invoke: Heroism           |       |       |       |     1 ||     1
    Use: Scroll            |     4 |     7 |     9 |       ||    20
         Potion            |     1 |     4 |     6 |       ||    11
 Armour: Leather armour    |    33 |     7 |       |       ||    40
         Ring mail         |       |    71 |   260 |       ||   331
         Robe              |       |       |    14 |    17 ||    31
  Dodge: Dodged            |    26 |    63 |   248 |    13 ||   350

Table legend:
 A = Non-vault XP
 B = Vault XP
 C = Vault XP percentage of total XP
 D = Non-vault monster count
 E = Vault monster count
 F = Vault count percentage of total count
                 A         B        C        D         E       F
            +---------+---------+-------+---------+---------+-------
      Total |    3100 |    2324 |  42.8 |     121 |      67 |  35.6
            +---------+---------+-------+---------+---------+-------
        D:1 |      39 |       5 |  11.4 |      22 |       4 |  15.4
        D:2 |      25 |      38 |  60.3 |      10 |       1 |   9.1
        D:3 |      26 |       0 |   0.0 |       8 |       0 |   0.0
        D:4 |     324 |       0 |   0.0 |      18 |       0 |   0.0
        D:5 |     429 |     663 |  60.7 |       9 |       1 |  10.0
        D:6 |     627 |     488 |  43.8 |      18 |       5 |  21.7
        D:7 |     640 |     570 |  47.1 |       9 |       5 |  35.7
        D:8 |     990 |     358 |  26.6 |      27 |       1 |   3.6
      Sewer |       0 |     202 | 100.0 |       0 |      50 | 100.0
            +---------+---------+-------+---------+---------+-------
